 Dungeon Crawl Stone Soup version 0.18.1-5-g4a78601 (webtiles) character file.

101945 GodzillaBlitz the Unseen (level 15, -6/74 HPs)
             Began as a Spriggan Enchanter on May 12, 2016.
             Was the Champion of Dithmenos.
             Killed from afar by Nikola (24 damage)
             ... with a chain lightning
             ... on level 2 of the Swamp on May 13, 2016.
             The game lasted 02:48:56 (33277 turns).

GodzillaBlitz the Unseen (Spriggan Enchanter)      Turns: 33277, Time: 02:48:56

Health: -6/74      AC:  9    Str:  4    XL:     15   Next: 84%
Magic:  37/41      EV: 26    Int: 29    God:    Dithmenos [******]
Gold:   1264       SH:  8    Dex: 19    Spells: 9 memorised, 8 levels left

rFire  + . .     SeeInvis +     a - +2 dagger (freeze)
rCold  + . .     Gourm    .     O - +2 robe {rC+ rF+}
rNeg   . . .     Faith    .     M - +0 buckler
rPois  +         Spirit   .     i - +3 hat of Pondering {ponderous, MR+ MP+10 Int+5}
rElec  .         Dismiss  .     g - +1 cloak {rPois}
rCorr  .         Reflect  .     (gloves unavailable)
SustAt .         Harm     .     (boots unavailable)
MR     ++++.                    (no amulet)
Stlth  ++++++++++               E - +3 ring of intelligence
                                y - ring of protection from magic

@: wreathed by umbra, repel missiles, very quick, incredibly resistant to
hostile enchantments, uncannily stealthy
A: unfitting armour, see invisible, herbivore 3, speed 3, slow metabolism 2
a: Shadow Step, Shadow Form, Renounce Religion


You were on level 2 of the Swamp.
You worshipped Dithmenos.
Dithmenos was exalted by your worship.
You were not hungry.

You visited 5 branches of the dungeon, and saw 28 of its levels.

You collected 2302 gold pieces.
You spent 1038 gold pieces at shops.

Inventory:

Hand Weapons
 a - a +2 dagger of freezing (weapon)
 n - a +0 blowgun
 t - the +3 whip of Defiance {flame, Int+3 Dex+3, unknown}
   (You found it on level 8 of the Dungeon)

   It has been specially enchanted to burn those struck by it, causing extra
   injury to most foes and up to half again as much damage against particularly
   susceptible opponents.
   It affects your intelligence (+3).
   It affects your dexterity (+3).
   Dithmenos disapproves of the use of such an item.
 x - a +1 dagger of venom
 Q - a +4 dagger of holy wrath
 U - a +4 quick blade
 W - the +1 dagger of Huseophina {drain, rC+ Str+3}
   (You bought it in a shop on level 2 of the Orcish Mines)

   A truly terrible weapon, it drains the life of those it strikes.
   It affects your strength (+3).
   It protects you from cold.
Missiles
 e - 472 stones (quivered)
 l - 82 poisoned needles
Armour
 g - a +1 cloak of poison resistance (worn)
 i - the +3 hat of Pondering (worn) {ponderous, MR+ MP+10 Int+5}
   (You took it off Gastronok on level 1 of the Lair of Beasts)

   It affects your intelligence (+5).
   It affects your resistance to hostile enchantments.
   It affects your magic capacity (+10).
 M - a +0 buckler (worn)
 O - a +2 robe of resistance (worn)
Jewellery
 b - an uncursed ring of flight
 v - an uncursed ring of protection from magic
 y - a ring of protection from magic (left hand)
 A - an uncursed ring of protection from fire
 E - a +3 ring of intelligence (right hand)
 K - an uncursed ring of positive energy
Wands
 q - a wand of teleportation (3/9)
 P - a wand of acid (7/15)
 Z - a wand of hasting (2/9)
Scrolls
 f - 6 scrolls of teleportation
 k - 10 scrolls of remove curse
 G - 2 scrolls of fear
 I - a scroll of fog
 R - 4 scrolls of magic mapping
 T - a scroll of recharging
Potions
 j - a potion of heal wounds
 m - 7 potions of haste
 o - 7 potions of might
 r - 2 potions of berserk rage
 s - a potion of agility
 u - 2 potions of ambrosia
 w - 3 potions of curing
 C - 2 potions of magic
 D - a potion of invisibility
 N - a potion of resistance
 S - a potion of brilliance {unknown}
 X - a potion of cure mutation
Miscellaneous
 J - a sack of spiders
 L - a disc of storms
Comestibles
 d - 12 bread rations
 H - 5 fruits


   Skills:
 + Level 6.6 Fighting
 - Level 6.6 Short Blades
 + Level 9.4 Dodging
 - Level 20.0 Stealth
 - Level 7.8 Shields
 + Level 11.2 Spellcasting
 + Level 5.9 Conjurations
 * Level 16.1 Hexes
 - Level 0.5 Ice Magic
 - Level 1.9 Air Magic
 + Level 5.6 Earth Magic
 + Level 5.1 Poison Magic
 - Level 2.5 Invocations


You had 8 spell levels left.
You knew the following spells:

 Your Spells              Type           Power        Failure   Level  Hunger
a - Corona                Hex            #######      0%          1    None
b - Ensorcelled Hibernat  Hex/Ice        ######       1%          2    None
c - Confuse               Hex            #######.     0%          3    None
d - Tukima's Dance        Hex            #######.     0%          3    None
e - Mephitic Cloud        Conj/Pois/Air  #####...     1%          3    None
f - Iron Shot             Conj/Erth      #####.....   50%         6    #####..
g - Dazzling Spray        Conj/Hex       ######..     1%          3    None
h - Venom Bolt            Conj/Pois      #####.....   12%         5    ###....
i - Repel Missiles        Chrm/Air       ###...       3%          2    None


Dungeon Overview and Level Annotations

Branches:
Dungeon (15/15)            Temple (1/1) D:7            Lair (8/8) D:8
  Swamp (2/4) Lair:6        Snake (0/4) Lair:5        Slime (0/6) Lair:7
    Orc (2/2) D:9             Elf (0/3) Orc:2        Vaults (0/5) D:14
 Depths (0/5) D:15

Altars:
Ashenzari
Dithmenos
Elyvilon
Fedhas
Gozag
Kikubaaqudgha
Nemelex Xobeh
Okawaru
Pakellas
Sif Muna
Trog
Vehumet
Xom
Zin
Beogh

Shops:
Orc:1 ?:[(}   Orc:2 ((}=

Portals:
Trove: D:11 (give horn of Geryon)

Annotations:
Swamp:2 Nikola


Innate Abilities, Weirdness & Mutations

You are tiny and cannot use many weapons and most armour.
You have supernaturally acute eyesight.
You are a herbivore.
You cover ground extremely quickly.
You need consume almost no food.


Message History

You stick Nikola like a pincushion!!!! You freeze Nikola!
Nikola is almost dead.
Casting: Confuse
Confirm with . or Enter, or press ? or * to list all spells.
Aiming: Confuse
Press: ? - help, Shift-Dir - straight line, f/p - Nikola
Aim: Nikola, wielding a rapier of electrocution, wearing a cloak and wearing a pair of gloves (almost dead, umbra, chance to defeat MR: 9%)
Okay, then.
You hit Nikola but do no damage.
Nikola is almost dead.
Your shadow hits Nikola but does no damage.
Nikola casts a spell.
You hear a mighty clap of thunder!
The lightning arc hits you!
* * * LOW HITPOINT WARNING * * *
You emit a cloud of dark smoke.
The lightning arc hits Nikola.
The lightning arc hits you!
* * * LOW HITPOINT WARNING * * *
The lightning arc hits Nikola.
The lightning arc hits you!
You die...

♣♣♣.♣♣...≈ .
♣♣.....≈≈♣♣≈≈.≈
♣♣...≈≈.<.§..≈.♣
♣≈........§.≈≈≈≈
♣♣...♣.≈≈..≈≈≈≈≈≈
♣...≈.≈≈≈.≈$≈≈.♣≈
♣..≈..§≈..♣♣≈.≈≈
♣≈§§§≈..♣≈≈ ♣.≈≈
♣..@@§.≈≈≈≈ ≈..
♣.§§♣♣.≈≈≈≈≈ ≈.
♣..§♣♣ ≈≈≈ ♣♣.♣ ≈
♣♣


You could see Nikola.

Vanquished Creatures
  Saint Roka (Orc:2)
  Rupert (Lair:8)
  Gastronok (Lair:1)
  A stone giant (Orc:1)
  Nessos (Orc:2)
  A dire elephant (D:15)
  A vault guard (D:14)
  Fannar (Orc:1)
  A catoblepas (D:15)
  6 hydras
  A centaur warrior (D:13)
  A tengu warrior (D:13)
  2 orc high priests (Orc:2)
  An alligator (Swamp:1)
  A wizard (D:14)
  2 unseen horrors
  A lindwurm (Lair:7)
  3 hill giants
  A necromancer (D:14)
  6 orc knights
  A wolf spider zombie (D:15)
  2 wolf spiders (D:15)
  5 orc sorcerers
  14 ugly things
  5 cyclopes
  3 griffons
  2 manticores
  A salamander (D:15)
  Maurice (D:9)
  12 elephants
  5 centaur zombies
  A gargoyle (D:13)
  16 black mambas
  4 centaur skeletons
  11 spiny frogs
  An efreet (D:15)
  2 rime drakes
  A yaktaur (shapeshifter) (D:14)
  A yaktaur (D:14)
  13 komodo dragons
  A freezing wraith (D:14)
  3 kobold demonologists
  A komodo dragon (shapeshifter) (D:13)
  2 spriggan druids (Lair:8)
  2 two-headed ogres
  17 polar bears
  Prince Ribbit (D:7)
  4 trolls
  A wolf spider simulacrum (D:15)
  16 blink frogs
  6 slime creatures
  A boulder beetle (D:15)
  A centaur simulacrum (D:15)
  5 redbacks (Lair:8)
  20 humans (D:14)
  11 spriggans
  4 wraiths
  36 yaks
  A vampire (D:15)
  A wyvern (D:8)
  11 hippogriffs
  3 hungry ghosts
  6 basilisks
  4 vampire mosquitoes
  3 mottled dragons
  5 wargs
  Menkaure (D:5)
  A swamp worm (Swamp:1)
  A soldier ant (D:15)
  15 water moccasins
  5 porcupines
  3 sky beasts
  3 ice beasts (D:14)
  2 swamp drakes (Swamp:1)
  27 orc warriors
  7 black bears
  4 wasps
  A necrophage (D:10)
  A phantom (D:10)
  5 ogres
  40 wolves
  5 boggarts (D:14)
  9 centaurs
  12 crocodiles
  A big kobold (D:11)
  15 giant frogs
  2 scorpions
  4 killer bees (D:9)
  13 wights
  An electric eel (D:15)
  6 howler monkeys
  9 crimson imps
  6 jellies
  24 orc wizards
  A quasit (D:12)
  3 giant frog skeletons
  5 hounds
  13 orc priests
  17 iguanas
  11 worker ants
  21 sheep
  A hound zombie (D:7)
  8 adders
  41 river rats
  2 shadow imps
  3 white imps (D:15)
  An ufetubus (D:15)
  An ooze (D:3)
  An adder zombie (D:8)
  2 worms
  A dart slug (D:2)
  4 giant geckos
  64 orcs
  3 giant cockroaches
  5 goblins
  4 hobgoblins (D:3)
  2 jackals (D:8)
  15 kobolds
  5 quokkas
  13 bats
  A giant newt (D:1)
  5 rats
  4 fungi (Lair:8)
  A plant (Lair:8)
782 creatures vanquished.

Vanquished Creatures (collateral kills)
  An orc high priest (Orc:2)
  3 ugly things (D:15)
  An orc sorcerer (Orc:2)
  An elephant (Lair:8)
  2 orc warriors
  An orc priest (D:8)
  An orc wizard (D:9)
  8 orcs
  A rat (D:8)
  A plant (Lair:1)
20 creatures vanquished.

Vanquished Creatures (others)
  6 dancing weapons
  A wolf (Lair:8)
  31 fungi
  16 plants
54 creatures vanquished.

Grand Total: 856 creatures vanquished

Notes
Turn   | Place    | Note
--------------------------------------------------------------
     0 | D:1      | GodzillaBlitz the Spriggan Enchanter began the quest for the Orb.
     0 | D:1      | Reached XP level 1. HP: 9/9 MP: 5/5
   285 | D:2      | Reached XP level 2. HP: 9/13 MP: 6/6
   410 | D:2      | Learned a level 2 spell: Ensorcelled Hibernation
   692 | D:3      | Reached skill level 5 in Stealth
   804 | D:3      | Reached XP level 3. HP: 16/16 MP: 8/8
   898 | D:3      | Reached skill level 6 in Stealth
   898 | D:3      | Reached XP level 4. HP: 11/21 MP: 6/9
  1070 | D:3      | Learned a level 3 spell: Confuse
  1535 | D:4      | Reached skill level 7 in Stealth
  1549 | D:4      | Learned a level 3 spell: Tukima's Dance
  1555 | D:4      | Found a radiant altar of Vehumet.
  1611 | D:5      | Entered Level 5 of the Dungeon
  1611 | D:5      | Noticed Menkaure
  1619 | D:5      | Reached XP level 5. HP: 20/24 MP: 1/11
  1621 | D:5      | Killed Menkaure
  1621 | D:5      | Reached skill level 9 in Stealth
  1730 | D:5      | Reached XP level 6. HP: 23/28 MP: 9/12
  1804 | D:5      | Noticed a sky beast
  1811 | D:5      | Killed a sky beast
  1845 | D:5      | Found a shimmering altar of Xom.
  1921 | D:6      | Noticed an orc warrior
  1986 | D:7      | Noticed Prince Ribbit
  1989 | D:7      | Killed Prince Ribbit
  1989 | D:7      | Reached skill level 10 in Stealth
  1989 | D:7      | Reached skill level 5 in Hexes
  1989 | D:7      | Reached XP level 7. HP: 32/32 MP: 14/14
  2017 | D:7      | Reached skill level 11 in Stealth
  2411 | D:7      | Found a staircase to the Ecumenical Temple.
  2419 | Temple   | Entered the Ecumenical Temple
  2427 | Temple   | Became a worshipper of Dithmenos the Shadowed
  2522 | D:8      | Noticed a hippogriff
  2576 | D:9      | Noticed a hill giant
  2619 | D:9      | Found a staircase to the Orcish Mines.
  2670 | D:10     | Entered Level 10 of the Dungeon
  2837 | D:12     | Reached skill level 12 in Stealth
  2837 | D:12     | Reached skill level 5 in Spellcasting
  2837 | D:12     | Reached XP level 8. HP: 24/37 MP: 7/17
  2962 | D:12     | Noticed a komodo dragon
  2964 | D:12     | Killed a komodo dragon
  2969 | D:12     | Reached skill level 13 in Stealth
  3268 | D:13     | Identified the Tome of Dusty Evil
  3341 | D:14     | Noticed a freezing wraith
  3368 | D:15     | Entered Level 15 of the Dungeon
  3388 | D:14     | Found a frozen archway.
  3406 | D:14     | Noticed an unseen horror
  3411 | D:13     | Noticed a tengu warrior
  3431 | D:13     | Killed a tengu warrior
  3431 | D:13     | Reached XP level 9. HP: 39/40 MP: 12/20
  3501 | D:13     | Noticed a red ugly thing
  3598 | D:13     | Killed a red ugly thing
  3598 | D:13     | Reached skill level 14 in Stealth
  3665 | D:13     | Noticed a gargoyle
  3671 | D:13     | Killed a gargoyle
  3899 | D:12     | Noticed a hill giant
  3960 | D:12     | Learned a level 3 spell: Mephitic Cloud
  3982 | D:12     | Noticed a purple ugly thing
  4070 | D:12     | Reached * piety under Dithmenos
  4205 | D:11     | Noticed a kobold demonologist
  4205 | D:11     | Noticed a kobold demonologist
  4221 | D:11     | Reached skill level 1 in Air Magic
  4401 | D:9      | Found a glowing silver altar of Zin.
  4444 | D:9      | Reached skill level 1 in Poison Magic
  4791 | D:9      | Reached XP level 10. HP: 44/44 MP: 21/23
  4838 | D:9      | Found an ancient bone altar of Kikubaaqudgha.
  4858 | D:9      | Noticed Maurice
  4862 | D:9      | Killed Maurice
  4862 | D:9      | Reached skill level 1 in Conjurations
  5259 | D:8      | Found an opulent altar of Gozag.
  5275 | D:8      | Found an iron altar of Okawaru.
  5275 | D:8      | Found a shattered altar of Ashenzari.
  5279 | D:8      | Got a twisted whip
  5412 | D:7      | Reached ** piety under Dithmenos
  6320 | D:7      | Reached skill level 1 in Fighting
  6515 | D:8      | Reached skill level 15 in Stealth
  6604 | D:8      | Reached skill level 10 in Hexes
  7253 | D:8      | Found a shimmering altar of Xom.
  7494 | D:8      | Found a staircase to the Lair.
  7622 | Lair:1   | Entered Level 1 of the Lair of Beasts
  7636 | Lair:1   | Noticed a black mamba
  7643 | Lair:1   | Killed a black mamba
  7735 | Lair:1   | Reached *** piety under Dithmenos
  7921 | Lair:1   | Noticed Gastronok
  8025 | Lair:2   | Reached XP level 11. HP: 49/51 MP: 14/25
  8719 | Lair:2   | Learned a level 6 spell: Iron Shot
  8997 | Lair:2   | Reached skill level 16 in Stealth
  9152 | Lair:2   | Identified the Incunabulum of Heat
  9840 | Lair:2   | Got a dazzling falchion
  9846 | Lair:2   | Identified the +6 falchion of Xepro {freeze, rPois} (You found it on level 2 of the Lair of Beasts)
 10021 | Lair:3   | Reached skill level 1 in Earth Magic
 10531 | Lair:3   | Reached **** piety under Dithmenos
 10548 | Lair:3   | Reached skill level 5 in Short Blades
 11328 | Lair:4   | Reached skill level 10 in Spellcasting
 12060 | Lair:5   | Reached XP level 12. HP: 46/58 MP: 23/27
 12149 | Lair:5   | Reached skill level 17 in Stealth
 12435 | Lair:5   | Noticed a five-headed hydra
 12487 | Lair:5   | Killed a five-headed hydra
 13106 | Lair:5   | Found a staircase to the Snake Pit.
 13715 | Lair:6   | Learned a level 3 spell: Dazzling Spray
 13742 | Lair:6   | Reached skill level 18 in Stealth
 14060 | Lair:6   | Found a staircase to the Swamp.
 14473 | Lair:6   | Reached skill level 1 in Shields
 14894 | Lair:7   | Reached XP level 13. HP: 63/63 MP: 18/28
 15001 | Lair:7   | Got a crystal quarterstaff
 15901 | Lair:7   | Found a staircase to the Slime Pits.
 15965 | Lair:7   | Reached skill level 5 in Shields
 16074 | Lair:7   | Reached ***** piety under Dithmenos
 16490 | Lair:8   | Entered Level 8 of the Lair of Beasts
 19125 | Lair:8   | Noticed Rupert
 19150 | Lair:8   | Killed Rupert
 19150 | Lair:8   | Reached XP level 14. HP: 67/67 MP: 15/29
 19931 | Lair:1   | Killed Gastronok
 19931 | Lair:1   | Reached skill level 5 in Dodging
 19931 | Lair:1   | Reached skill level 19 in Stealth
 20160 | Lair:1   | Reached skill level 1 in Invocations
 21125 | D:11     | Found a huge runed gate.
 21125 | D:11     | Found a huge runed gate.
 21125 | D:11     | Found a huge runed gate.
 21125 | D:11     | Found a huge runed gate.
 21711 | D:11     | Reached skill level 5 in Fighting
 22149 | D:11     | Found a portal to a secret trove of treasure.
 22582 | D:11     | Reached ****** piety under Dithmenos
 23105 | D:12     | Found a blossoming altar of Fedhas.
 25972 | D:14     | Reached skill level 20 in Stealth
 26281 | D:14     | Found a gate to the Vaults.
 26402 | D:14     | Reached skill level 15 in Hexes
 26755 | D:15     | Identified a scroll of acquirement
 26768 | D:15     | Reached XP level 15. HP: 73/73 MP: 30/30
 27014 | D:15     | Reached skill level 5 in Conjurations
 28061 | D:15     | Found a staircase to the Depths.
 28476 | D:15     | Learned a level 5 spell: Venom Bolt
 28705 | Orc:1    | Entered Level 1 of the Orcish Mines
 28706 | Orc:1    | Noticed Fannar
 28710 | Orc:1    | Killed Fannar
 28845 | Orc:1    | Found Meungue's Armour Emporium.
 28908 | Orc:1    | Found Files's Weapon Boutique.
 28943 | Orc:1    | Found Zokhly's Gadget Emporium.
 29169 | Orc:1    | Reached skill level 5 in Earth Magic
 29826 | Orc:1    | Found Kumer's Book Emporium.
 29831 | Orc:1    | Found Gawocs's Magic Scroll Shop.
 29853 | Orc:1    | Bought a scroll of identify for 28 gold pieces
 30003 | Orc:2    | Entered Level 2 of the Orcish Mines
 30008 | Orc:2    | Found a roughly hewn altar of Beogh.
 30021 | Orc:2    | Noticed Nessos
 30057 | Orc:2    | Killed Nessos
 30227 | Orc:2    | Found a staircase to the Elven Halls.
 30311 | Orc:2    | Noticed Saint Roka
 30374 | Orc:2    | Killed Saint Roka
 31611 | Orc:2    | Reached skill level 5 in Poison Magic
 31967 | Orc:2    | Found Soumpoad's Jewellery Boutique.
 31967 | Orc:2    | Found Xeqewk's Antique Weapon Shoppe.
 31977 | Orc:2    | Found Sodalo's Gadget Boutique.
 31977 | Orc:2    | Found Utaste Zixt's Antique Weapon Shoppe.
 32025 | Orc:2    | Bought a twisted dagger for 182 gold pieces
 32126 | Orc:2    | Identified the +1 dagger of Huseophina {drain, rC+ Str+3} (You bought it in a shop on level 2 of the Orcish Mines)
 32128 | Orc:2    | Bought a wand of hasting (2/9) for 468 gold pieces
 32709 | Orc:1    | Bought a book of Minor Magic for 360 gold pieces
 32782 | Lair:1   | Learned a level 2 spell: Repel Missiles
 32980 | Swamp:1  | Entered Level 1 of the Swamp
 33274 | Swamp:2  | Noticed Nikola
 33277 | Swamp:2  | Killed from afar by Nikola

Skill      XL: |  1  2  3  4  5  6  7  8  9 10 11 12 13 14 15 |
---------------+----------------------------------------------+-----
Hexes          | 4 5 6 8 9 10 12 13 15 16 | 16.1
Spellcasting   | 3 4 5 7 8 9 10 11 | 11.2
Stealth        | 5 6 7 9 10 12 13 14 15 16 18 20 | 20.0
Short Blades   | 2 4 5 6 |  6.6
Air Magic      | 1 |  1.9
Poison Magic   | 1 2 3 5 |  5.1
Conjurations   | 2 3 4 5 |  5.9
Fighting       | 2 3 4 5 6 |  6.6
Earth Magic    | 2 3 4 5 |  5.6
Shields        | 2 7 |  7.8
Dodging        | 4 7 9 |  9.4
Invocations    | 2 |  2.5
Ice Magic      | |  0.5

Action                   |  1- 3 |  4- 6 |  7- 9 | 10-12 | 13-15 || total
-------------------------+-------+-------+-------+-------+-------++-------
Melee: Dagger            |    77 |    36 |   114 |   584 |  1235 ||  2046
       Falchion          |       |       |       |     1 |       ||     1
Throw: Stone             |       |       |       |       |     1 ||     1
 Cast: Corona            |     3 |       |       |       |       ||     3
       Ensorcelled Hiber |     1 |    10 |    12 |    42 |     2 ||    67
       Confuse           |       |     3 |    50 |   173 |   487 ||   713
       Tukima's Dance    |       |       |     1 |     8 |    13 ||    22
       Mephitic Cloud    |       |       |       |    10 |    41 ||    51
       Dazzling Spray    |       |       |       |       |     2 ||     2
       Repel Missiles    |       |       |       |       |     1 ||     1
Invok: Shadow Step       |       |       |       |     1 |     8 ||     9
  Use: Potion            |     1 |       |       |       |       ||     1
       Scroll            |       |       |    14 |    13 |    15 ||    42
 Stab: Sleeping          |    11 |    14 |    20 |   109 |    86 ||   240
       Distracted        |     1 |       |     1 |     3 |     2 ||     7
       Confused          |       |     2 |    27 |   112 |   335 ||   476
  Eat: Pizza             |       |       |     1 |     2 |     1 ||     4
       Bread ration      |       |       |     1 |       |       ||     1
       Royal jelly       |       |       |       |     1 |       ||     1
       Fruit             |       |       |       |       |    17 ||    17
Armor: Robe              |     4 |     1 |     3 |    44 |    17 ||    69
Dodge: Dodged            |    48 |    29 |    61 |   349 |   272 ||   759
Block: Buckler           |       |       |       |       |   128 ||   128
